 Dungeon Crawl Stone Soup version 0.20.0-1-g1cb1d84 (webtiles) character file.

122 FakerFangirl the Cudgeler (level 4, -3/38 HPs)
             Began as a Draconian Fighter on May 26, 2017.
             Killed from afar by an orc wizard (8 damage)
             ... with a magic dart
             ... on level 3 of the Dungeon.
             The game lasted 00:02:43 (2007 turns).

FakerFangirl the Cudgeler (Draconian Fighter)       Turns: 2007, Time: 00:02:44

Health: -3/38      AC:  5    Str: 19    XL:     4   Next: 78%
Magic:  4/4        EV: 10    Int:  8    God:
Gold:   64         SH:  9    Dex: 11    Spells: 3/3 levels left

rFire    + . .     SeeInvis .   Y - +0 flail
rCold    . . .     Gourm    .   b - +0 shield
rNeg     . . .     Faith    .   (armour unavailable)
rPois    +         Spirit   .   (helmet restricted)
rElec    .         Reflect  .   (no cloak)
rCorr    .         Harm     .   (no gloves)
MR       .....                  (no boots)
Stlth    +.........             (no amulet)
Regen    0.2/turn               a - ring of protection from fire
MPRegen  0.1/turn               e - ring of poison resistance

@: no status effects
A: unfitting armour, horns 1, talons 1, screaming 1, wild magic 1, cold-blooded,
AC +5
a: no special abilities


You were on level 3 of the Dungeon.
You were not hungry.

You visited 1 branch of the dungeon, and saw 3 of its levels.

You collected 64 gold pieces.


Innate Abilities, Weirdness & Mutations

Your plain brown scales are hard. (AC +5)
You cannot fit into any form of body armour.
You are cold-blooded and may be slowed by cold attacks.
You have a pair of small horns on your head.
You have sharp toenails.
You occasionally shout uncontrollably at your foes.
Your spells are a little harder to cast, but a little more powerful.


   Skills:
 - Level 3.2 Fighting
 + Level 5.1 Maces & Flails
 - Level 2.6 Dodging
 - Level 3.0 Shields


You had 3 spell levels left.
You didn't know any spells.

Inventory:

Hand Weapons
 Y - a +0 flail (weapon)
Armour
 b - a +0 shield (worn)
Jewellery
 a - a ring of protection from fire (left hand)
 e - a ring of poison resistance (right hand)
Scrolls
 i - 2 scrolls of identify
 o - 2 scrolls of remove curse
Potions
 c - 2 potions of might
 h - a potion of magic {unknown}
 j - a potion of mutation
 k - a potion of lignification {unknown}
 l - a potion of curing
 p - a potion of brilliance {unknown}
Comestibles
 d - 2 bread rations
 f - a royal jelly
 g - 3 fruits
 m - 3 chunks of flesh

Dungeon Overview and Level Annotations

Branches:
Dungeon (3/15)

Altars:


Message History

You closely miss the orc wizard.
You claw the orc wizard, but do no damage.
Your headbutt misses the orc wizard.
Your tail-slap misses the orc wizard.
The orc wizard is severely wounded.
The orc wizard gestures at you while chanting.
The magic dart hits you! You block the orc wizard's attack.
You closely miss the orc wizard. Your headbutt misses the orc wizard.
The orc wizard is severely wounded.
The orc wizard casts a spell.
The orc wizard blinks!
The orc wizard casts a spell.
The orc wizard blinks!
The orc wizard hits you but does no damage.
You closely miss the orc wizard. Your kick misses the orc wizard.
You tail-slap the orc wizard, but do no damage.
The orc wizard is heavily wounded.
You block the orc wizard's attack.
The orc wizard points at you and mumbles some strange words.
The magic dart hits you!
You die...

### ### #.#####.### .
#....).@o.# #
###.###)#.#..ยค... #
#.....#.#.# ##### #
##..#...#.. #
#.#####..#####... #
#........# ##....
#########.###.##....#
.......##...........#
#####.###...#.##.


You could see an orc wizard.

Vanquished Creatures
  An orc wizard (D:3)
  Natasha (D:2)
  An adder (D:2)
  2 worms (D:2)
  A leopard gecko (D:2)
  2 orcs (D:3)
  2 ball pythons (D:2)
  7 bats
  A giant cockroach (D:2)
  8 goblins (D:1)
  7 hobgoblins
  5 jackals
  3 kobolds
  4 frilled lizards
  3 rats (D:2)
48 creatures vanquished.

Notes
Turn   | Place    | Note
-------+----------+-------------------------------------------
     0 | D:1      | FakerFangirl the Draconian Fighter began the quest for the Orb.
     0 | D:1      | Reached XP level 1. HP: 19/19 MP: 1/1
     0 | D:1      | 0 ||| counter = 93
   249 | D:1      | Reached XP level 2. HP: 15/26 MP: 2/2
   448 | D:1      | Reached skill level 3 in Maces & Flails
   868 | D:1      | 868 ||| READING scroll labeled ADWOAH LUIPRUWK.
   869 | D:1      | 869 ||| READING 2 scrolls labeled ULIGAA CEHANYC.
   870 | D:1      | 870 ||| DRINKING 2 orange potions.
   880 | D:1      | 880 ||| DROPPING potion of ambrosia.
   931 | D:2      | 931 ||| STAIRDANCE
   945 | D:2      | 945 ||| STAIRDANCE
   967 | D:2      | 967 ||| SWAPPING to runed whip.
   968 | D:2      | 968 ||| SWAPPING to +0 flail.
   969 | D:2      | 969 ||| DROPPING +0 whip of venom.
  1018 | D:2      | Reached XP level 3. HP: 30/31 MP: 3/3
  1404 | D:2      | Reached skill level 4 in Maces & Flails
  1646 | D:2      | Noticed Natasha
  1657 | D:2      | Killed Natasha
  1657 | D:2      | Reached XP level 4. HP: 24/38 MP: 4/4
  1882 | D:2      | 1882 ||| READING scroll labeled PUPSOFF GYSA.
  1883 | D:2      | 1883 ||| READING 2 scrolls labeled DAICUZ XAUPOAF.
  1884 | D:2      | 1884 ||| READING 3 scrolls labeled BURUOGR RUMEXA.
  1885 | D:2      | 1885 ||| UPGRADING to tourmaline ring.
  1886 | D:2      | 1886 ||| UPGRADING to knobbly coral ring.
  1887 | D:2      | 1887 ||| DRINKING 2 murky yellow potions.
  1887 | D:2      | Gained mutation: You have sharp toenails. [potion of mutation]
  1887 | D:2      | Gained mutation: Your spells are a little harder to cast, but a little more powerful. [potion of mutation]
  1887 | D:2      | Gained mutation: You occasionally shout uncontrollably at your foes. [potion of mutation]
  1887 | D:2      | Gained mutation: You have a pair of small horns on your head. [potion of mutation]
  1888 | D:2      | 1888 ||| DRINKING 2 metallic yellow potions.
  1889 | D:2      | 1889 ||| DROPPING scroll of fear.
  1975 | D:3      | Reached skill level 5 in Maces & Flails
  2003 | D:3      | HP: 6/38 [orc wizard/magic dart (4)]
  2007 | D:3      | Killed from afar by an orc wizard

Vault maps used:
D:1:      lightli_arrival_quake
D:2:      first_bread, uniq_natasha
D:3:      chequers_ecumenical_altar_simple_redux, nicolae_ru_awakened_eye,
          uniq_robin

Skill      XL: |  1  2  3  4 |
---------------+-------------+-----
Maces & Flails | 3 4 5 |  5.1
Fighting       | |  3.2
Dodging        | |  2.6
Shields        | |  3.0

Action                   |  1- 3 |  4- 6 || total
-------------------------+-------+-------++-------
Melee: Flail             |   142 |    33 ||   175
       Tailslap          |    14 |     3 ||    17
       Kick              |       |     5 ||     5
       Headbutt          |       |     5 ||     5
  Use: Scroll            |     2 |     3 ||     5
       Potion            |     1 |     2 ||     3
 Stab: Sleeping          |     1 |       ||     1
  Eat: Chunk             |     3 |     1 ||     4
Armor: Skin              |    48 |     3 ||    51
Dodge: Dodged            |    50 |    10 ||    60
Block: Shield            |    61 |    10 ||    71
